Unix NetHack Version 3.7.0-101 Work-in-progress - last build Mar 25 2024 11:18:41 (462964f8eaac915e699fc3a71b43428251fec12b,branch:master). Game began 2024-03-31 12:15:43, ended 2024-03-31 12:21:13. elenmirie, neutral female gnomish Archeologist --- ..| ... ------------ #------------- |..........-############|............# |.........<| #|...........| |........... ##|......@@.f.| |..........| ##............| |........... #------------- ------------ Elenmirie the Field Worker St:11 Dx:11 Co:13 In:15 Wi:13 Ch:12 Neutral Dlvl:3 $:10 HP:0(24) Pw:12(12) AC:8 Xp:3/45 T:895 Latest messages: You see here a red mold corpse. There is a red mold corpse here; eat it? [ynq] (n) y This red mold corpse tastes terrible! You finish eating the red mold corpse. You find a squeaky board. You descend the stairs. You lash the dwarf zombie. The dwarf zombie hits! You lash the dwarf zombie. The dwarf zombie hits! You lash the dwarf zombie. The dwarf zombie turns to flee. You destroy the dwarf zombie! You swap places with Coco. That door is closed. The door opens. You hear a jackal howling at the moon. You hear some noises in the distance. Coco misses the werejackal. $ - 3 gold pieces (10 in total). Coco bites the werejackal. The werejackal bites Coco. The werejackal bites! You feel feverish. You miss the werejackal. The werejackal bites! You miss the werejackal. The werejackal bites! The werejackal changes into a human. You lash the werejackal. The werejackal changes into a jackal. The werejackal bites! You lash the werejackal. The werejackal bites! You lash the werejackal. The werejackal bites! You lash the werejackal. The werejackal bites! You miss the werejackal. The werejackal bites! You lash the werejackal. The werejackal turns to flee. The werejackal changes into a human. The werejackal hits! You die... Do you want your possessions identified? [ynq] (y) y Do you want to see your attributes? [ynq] (y) y Do you want an account of creatures vanquished? [ynaq] (y) y Do you want to see your conduct and achievements? [ynq] (y) y Do you want to see the dungeon overview? [ynq] (y) y Inventory: Coins $ - 10 gold pieces Weapons s - 7 blessed +1 darts n - 11 uncursed +1 darts r - 44 uncursed +0 darts p - 49 uncursed rusty +0 darts a - an uncursed burnt +2 bullwhip (weapon in right hand) Armor c - an uncursed +0 fedora (being worn) x - an uncursed +0 pair of low boots (being worn) b - an uncursed +0 leather jacket (being worn) Comestibles d - 3 uncursed food rations Wands v - an uncursed wand of polymorph (0:3) Tools w - an uncursed sack containing 6 items q - an uncursed bag of tricks (0:14) o - a cursed brass lantern u - a cursed tin whistle t - an uncursed tinning kit (0:54) Gems/Stones k - an uncursed worthless piece of orange glass g - an uncursed touchstone Contents of the sack: an uncursed scroll of confuse monster an uncursed scroll of identify an uncursed novel named Maskerade an uncursed potion of paralysis an uncursed potion of see invisible an uncursed +0 pick-axe Elenmirie the Archeologist's attributes: Background: You were a Field Worker, a level 3 female gnomish Archeologist. You were neutral, on a mission for Camaxtli who was opposed by Quetzalcoatl (lawful) and Huhetotl (chaotic). You were right-handed. You were in the Dungeons of Doom, on level 3. You entered the dungeon 895 turns ago. You had 45 experience points, 35 more were needed to attain level 4. Basics: You had 0 out of 24 hit points. You had all 12 energy points (spell power). Your armor class was 8. Your wallet contained 10 zorkmids. Autopickup was on for '$' plus thrown. Final Characteristics: Your strength was 11 (limit:18/50). Your dexterity was 11 (limit:18). Your constitution was 13 (limit:18). Your intelligence was 15 (limit:19). Your wisdom was 13 (limit:18). Your charisma was 12 (limit:18). Final Status: You weren't hungry. You were unencumbered. You were wielding a whip. You had basic skill with whip. Final Attributes: You were devoutly aligned. You were level-drain resistant. You had automatic searching. You had infravision. You were a werejackal. You were harmed by silver. You are dead. Miscellaneous: You never encountered a bones level. Total elapsed playing time was 5 minutes and 28 seconds. Major events: Turn 1: elenmirie the neutral female gnomish Archeologist entered the dungeon 664: read a Discworld novel 785: attained the rank of Field Worker (level 3) 895: killed by a werejackal Vanquished creatures: a dwarf zombie a red mold 2 jackals 2 foxes 2 grid bugs 5 newts 13 creatures vanquished. No species were genocided or became extinct. Voluntary challenges: You were an atheist. You read items or engraved 1 time. You never engraved Elbereth. You never genocided any monsters. You never polymorphed an object. You never changed form. You used no wishes. Achievements: You entered a shop. You read from a Discworld novel. You attained the rank of Field Worker. The Dungeons of Doom: levels 1 to 3 Level 1: Some fountains. Level 2: A fountain, a sink. Level 3: <- You were here. Final resting place for you, killed by a werejackal. Game over: ---------- / \ / REST \ / IN \ / PEACE \ / \ | elenmirie | | 10 Au | | killed by a | | werejackal | | | | | | 2024 | *| * * * | * _________)/\\_//(\/(/\)/\//\/|_)_______ Goodbye elenmirie the Archeologist... You died in The Dungeons of Doom on dungeon level 3 with 289 points, and 10 pieces of gold, after 895 moves. You were level 3 with a maximum of 24 hit points when you died.